 Dungeon Crawl Stone Soup version 0.29-a0-234-g0dae59b3db (webtiles) character file.

Game seed: 6447239282046979075

63 bande the Skirmisher (level 4, -10/29 HPs)
             Began as a Gargoyle Fighter on Mar 2, 2022.
             Mangled by an ogre
             ... wielding a +0 giant club
              (22 damage)
             ... on level 3 of the Dungeon.
             The game lasted 00:02:31 (1859 turns).

bande the Skirmisher (Gargoyle Fighter)             Turns: 1859, Time: 00:02:31

Health: -10/29     AC: 10    Str: 20    XL:     4   Next: 9%
Magic:  4/4        EV:  9    Int:  8    God:
Gold:   113        SH:  5    Dex: 11    Spells: 3/3 levels left

rFire   . . .      SeeInvis .   a - +0 war axe
rCold   . . .      Faith    .   c - +1 buckler
rNeg    + . .      Spirit   .   b - +0 scale mail
rPois   ∞          Reflect  .   (no helmet)
rElec   +          Harm     .   (no cloak)
rCorr   .          Rampage  .   (no gloves)
Will    .....                   (no boots)
Stlth   ..........              (no amulet)
HPRegen 0.09/turn               (no ring)
MPRegen 0.09/turn               (no ring)

@: no status effects
A: sickness immunity, AC +3, negative energy resistance 1, electricity
resistance, torment resistance 1, petrification resistance
a: no special abilities


You were on level 3 of the Dungeon.
You visited 1 branch of the dungeon, and saw 3 of its levels.

You collected 113 gold pieces.

Inventory:

Hand Weapons
 a - a +0 war axe (weapon)
Armour
 b - a +0 scale mail (worn)
 c - a +1 buckler (worn)
Scrolls
 e - 2 scrolls of teleportation
 i - a scroll of enchant armour
Potions
 d - 2 potions of might
 f - a potion of heal wounds
 l - a potion of invisibility
 m - a potion of mutation


   Skills:
 + Level 3.9 Fighting
 + Level 2.7 Axes
 + Level 3.7 Armour
 + Level 3.7 Shields


You had 3 spell levels left.
You didn't know any spells.
Your spell library contained the following spells:

 Spells                   Type           Power      Damage    Failure   Level
 Sandblast                Erth           0%         2d4       85%         1
 Summon Small Mammal      Summ           0%         N/A       85%         1
 Passwall                 Tmut/Erth      0%         N/A       94%         2
 Call Canine Familiar     Summ           0%         N/A       99%         3
 Stone Arrow              Conj/Erth      0%         3d7       99%         3
 Summon Guardian Golem    Hex/Summ       0%         N/A       99%         3


Dungeon Overview and Level Annotations

Branches:
Dungeon (3/15)

Altars:
Trog


Innate Abilities, Weirdness & Mutations

You are immune to sickness and miasma.
Your stone body is resilient. (AC +3)
You are immune to poison.
You resist negative energy. (rN+)
You are resistant to electric shocks. (rElec)
You are resistant to unholy torment.
You are immune to petrification.


Message History

An ogre comes into view. It is wielding a +0 giant club.
An ogre is nearby!
An ogre is nearby!
An ogre is nearby!
You swap places.
Your hobgoblin dissolves into shadows!
You see here a +0 whip.
Your gnoll's inner flame fades away.
Your rat's inner flame fades away.
The ogre barely misses your rat.
There is a stone staircase leading up here.
The ogre hits your rat with a +0 giant club!
Your rat dies!
Your rat's corpse dissolves into shadows!
You climb upwards.
Your summoned ally is left behind.
There is a stone staircase leading down here.
You start resting.
HP restored.
You start waiting.
Done waiting.
You climb downwards.
There is a stone staircase leading up here.
You slash the ogre!
The ogre is moderately wounded.
The ogre hits you with a +0 giant club!
You slash the ogre!
The ogre is severely wounded.
The ogre closely misses you.
You hit the ogre.
The ogre is almost dead.
The ogre hits you with a +0 giant club!
You hit the ogre but do no damage.
The ogre is almost dead.
You block the ogre's attack.
You barely miss the ogre.
The ogre is almost dead.
The ogre closely misses you.
The ogre hits you with a +0 giant club!!
Ouch! That really hurt!
You die...

................
#####O#....##...
#.#.....#
#.....#.#...
###)........
#..##.#... #.##
.#... # #O# . ..
....###@# ..
.......<# ##
....##### ..


You could see an ogre.

Vanquished Creatures
  2 adders (D:2)
  2 worms (D:2)
  A dart slug (D:2)
  3 ball pythons
  2 endoplasms (D:1)
  A goblin (D:1)
  3 hobgoblins
  3 jackals (D:2)
  3 kobolds
  A quokka (D:2)
  6 bats
  A frilled lizard (D:2)
  2 rats (D:1)
30 creatures vanquished.

Vanquished Creatures (collateral kills)
  A white imp (D:3)
1 creature vanquished.

Grand Total: 31 creatures vanquished

Notes
Turn   | Place    | Note
-------+----------+-------------------------------------------
     0 | D:1      | bande the Gargoyle Fighter began the quest for the Orb.
     0 | D:1      | Reached XP level 1. HP: 14/14 MP: 1/1
   100 | D:1      | Reached XP level 2. HP: 19/19 MP: 2/2
   490 | D:1      | Found a faded altar of an unknown god.
   785 | D:2      | Reached XP level 3. HP: 23/23 MP: 3/3
  1218 | D:2      | Found a bloodstained altar of Trog.
  1575 | D:3      | Reached XP level 4. HP: 13/29 MP: 4/4
  1589 | D:3      | Noticed an ogre
  1859 | D:3      | Mangled by an ogre

Illustrated notes

Levels and vault maps discovered:
D:1:      mrwooster_arrival_statue, layout_basic, ebering_ecumenical_altar_box
D:2:      layout_loops_corners, basic_altar
D:3:      layout_basic, nicolae_overflow_hallway_of_the_gods,
          okawaru_altar_gauntlet_db, minmay_misc_feat_more_columns,
          minmay_misc_feat_chi

Skill      XL: |  1  2 |
---------------+-------+-----
Axes           | 2 |  2.7
Fighting       | |  3.9
Armour         | |  3.7
Shields        | |  3.7

Action                   |  1- 3 |  4- 6 || total
-------------------------+-------+-------++-------
Melee: War axe           |    83 |     5 ||    88
  Use: Scroll            |     9 |       ||     9
Armor: Scale mail        |    54 |       ||    54
Dodge: Dodged            |    50 |     2 ||    52
Block: Buckler           |    25 |     1 ||    26

Table legend: (Time is in decaauts)
 A = Elapsed time spent in this place.
 B = Non-inter-level travel time spent in this place.
 C = Inter-level travel time spent in this place.
 D = Time resting spent in this place.
 E = Time spent auto-exploring this place.
 F = Levels seen in this place.
 G = Mean time per level.
                   A        B        C        D        E       F      G
               +--------+--------+--------+--------+--------+-----+--------+
         Total |   1898 |   1898 |      0 |    260 |   1345 |   3 |  632.7 |
       Dungeon |   1898 |   1898 |      0 |    260 |   1345 |   3 |  632.7 |
               +--------+--------+--------+--------+--------+-----+--------+

Top non-repeatable levels by time:
     D:2: 1235 daAuts
     D:1: 614 daAuts
     D:3: 49 daAuts
